 Seeded DCSS version 0.30-a0-1066-g63dfefce0d (webtiles) character file.

Game seed: 13020561292390072626 (custom seed)

1213 Pimp the Spear-Bearer (level 8, -3/64 HPs)
             Began as a Merfolk Gladiator on Apr 12, 2023.
             Slain by a scorpion (4 damage)
             ... on level 6 of the Dungeon.
             The game lasted 00:06:08 (5036 turns).

Pimp the Spear-Bearer (Merfolk Gladiator)           Turns: 5036, Time: 00:06:08

Health: -3/64      AC:  6    Str: 17    XL:     8   Next: 46%
Magic:  8/8        EV: 15    Int:  7    God:
Gold:   198        SH:  0    Dex: 15    Spells: 7/7 levels left

rFire   . . .      SeeInvis .    a - +0 trident (heavy)
rCold   + . .      Faith    .    (no shield)
rNeg    . . .      Spirit   .    b - +1 leather armour
rPois   .          Reflect  .    (helmet restricted)
rElec   .          Rampage  .    (no cloak)
rCorr   .                        (no gloves)
Will    .....                    (no boots)
Stlth   +                        (no amulet)
HPRegen 0.30/turn                (no ring)
MPRegen 0.11/turn                (no ring)

@: brilliant, lethally poisoned (-3 -> -6), studying Polearms
A: (nimble swimmer 2), mertail, horns 1, iridescent scales 1, cold resistance 1
a: no special abilities


You were on level 6 of the Dungeon.
You visited 1 branch of the dungeon, and saw 6 of its levels.

You collected 198 gold pieces.

Inventory:

Hand Weapons
 a - a +0 heavy trident (weapon)
Missiles
 d - 4 throwing nets (quivered)
 e - a javelin
Armour
 b - a +1 leather armour (worn)
 c - a +0 helmet
 z - a +2 helmet
Jewellery
 f - a +6 ring of intelligence
 g - a ring of see invisible
 q - a ring of wizardry
Wands
 i - a wand of polymorph (5)
 x - a wand of mindburst (8)
Scrolls
 j - 2 scrolls of blinking
 l - a scroll of silence
 y - 2 scrolls of identify
Potions
 m - a potion of cancellation
 u - a potion of magic
 v - a potion of ambrosia {unknown}
 w - a potion of brilliance


   Skills:
 + Level 5.7 Fighting
 + Level 9.9 Polearms
 + Level 5.2 Throwing
 + Level 7.6 Dodging


You had 7 spell levels left.
You didn't know any spells.
Your spell library was empty.

Dungeon Overview and Level Annotations

Branches:
Dungeon (6/15)
 Temple: D:4-7

Altars:
Ashenzari
Qazlal
Wu Jian
Xom

Annotations:
D:3 2 transporters


Innate Abilities, Weirdness & Mutations

((You are very nimble when in or above water. (Stealth+, EV+, Speed+++)))
Your lower body shifts to a powerful aquatic tail in water.
You have a pair of small horns on your head.
You are partially covered in iridescent scales. (AC +2)
Your flesh is cold resistant. (rC+)


Message History

The water moccasin is severely wounded.
The water moccasin bites you. x2
You are poisoned.
The water moccasin poisons you!
You hit the water moccasin.
The water moccasin is almost dead.
You feel very sick. The scorpion stings you.
The water moccasin closely misses you. The adder bites you but does no damage.
The water moccasin attacks as you move away!
The water moccasin misses you.
You feel sick. The water moccasin bites you. The scorpion stings you.
There is a stone staircase leading up here.
You feel sick. The scorpion barely misses you.
You feel sick. The adder bites you.
You feel sick. The adder barely misses you. The water moccasin bites you.
You are more poisoned.
The water moccasin poisons you! The adder attacks as you move away!
The adder bites you but does no damage.
You feel very sick. The water moccasin bites you.
* * * LOW HITPOINT WARNING * * *
Found a puce potion.
* * * LOW HITPOINT WARNING * * *
You feel very sick. The scorpion completely misses you.
The adder attacks as you move away! The adder misses you.
* * * LOW HITPOINT WARNING * * *
You feel very sick.
It was a potion of brilliance.
You feel clever all of a sudden.
You feel sick. The scorpion barely misses you.
It was a potion of magic.
Magic courses through your body.
You feel sick. The scorpion stings you.
* * * LOW HITPOINT WARNING * * *
You puncture the scorpion! Your headbutt misses the scorpion.
The scorpion is heavily wounded.
* * * LOW HITPOINT WARNING * * *
You feel sick. The scorpion stings you.
You die...

##############
#####...Ss@.....!.
.........#########
.###.#.S....#....
.. #..<.....# #
#.#..#...# #.#..#
..# ....... ..
.#.#...?. #
#.#.#......#


You could see a water moccasin and a scorpion.

Vanquished Creatures
  Prince Ribbit (D:5)
  An ogre (D:4)
  2 phantoms
  2 scorpions (D:5)
  3 wights (D:5)
  A howler monkey (D:5)
  2 orc priests
  3 hounds (D:5)
  4 iguanas (D:4)
  Natasha (thrice) (D:2)
  2 orc wizards (D:5)
  6 adders
  A shadow imp (D:5)
  A worm (D:2)
  4 dart slugs
  10 orcs
  7 endoplasms
  3 giant cockroaches
  5 goblins
  5 hobgoblins
  3 jackals (D:2)
  5 kobolds
  2 quokkas
  6 ball pythons
  2 bats
  A frilled lizard (D:1)
  3 rats
88 creatures vanquished.

Notes
Turn   | Place    | Note
-------+----------+-------------------------------------------
     0 | D:1      | Pimp the Merfolk Gladiator began the quest for the Orb.
     0 | D:1      | Reached XP level 1. HP: 16/16 MP: 1/1
    37 | D:1      | Identified a scroll of acquirement
    37 | D:1      | Acquired a manual of Polearms
   366 | D:1      | Reached XP level 2. HP: 20/23 MP: 2/2
   781 | D:2      | Noticed Natasha
   795 | D:2      | Killed Natasha
   796 | D:2      | Reached XP level 3. HP: 9/28 MP: 3/3
   957 | D:2      | Reached skill level 5 in Polearms
  1078 | D:2      | Noticed Natasha
  1086 | D:2      | Killed Natasha
  1087 | D:2      | Reached XP level 4. HP: 29/35 MP: 4/4
  1143 | D:2      | Noticed Natasha
  1151 | D:2      | Killed Natasha
  1152 | D:2      | Reached skill level 5 in Dodging
  1499 | D:2      | Reached XP level 5. HP: 41/41 MP: 5/5
  1558 | D:3      | Found a shimmering altar of Xom.
  1623 | D:3      | Found a transporter.
  1646 | D:3      | Found a transporter.
  1959 | D:3      | Found a broken altar of Ashenzari.
  2014 | D:3      | Reached skill level 6 in Polearms
  2332 | D:3      | Found a stormy altar of Qazlal.
  2488 | D:4      | Noticed an ogre
  2524 | D:4      | HP: 1/41 [iguana (7)]
  2847 | D:4      | Gained mutation: Your flesh is cold resistant. (rC+)
                  | [potion of mutation]
  2847 | D:4      | Gained mutation: You are partially covered in iridescent
                  | scales. (AC +2) [potion of mutation]
  2847 | D:4      | Gained mutation: You have a pair of small horns on your
                  | head. [potion of mutation]
  2857 | D:4      | Noticed a phantom
  2867 | D:4      | Killed a phantom
  2868 | D:4      | Reached XP level 6. HP: 36/48 MP: 6/6
  2938 | D:4      | Found an ornate altar of the Wu Jian Council.
  3211 | D:4      | Reached skill level 7 in Polearms
  3807 | D:4      | Reached XP level 7. HP: 55/55 MP: 7/7
  3865 | D:5      | Entered Level 5 of the Dungeon
  4018 | D:5      | Reached skill level 8 in Polearms
  4218 | D:5      | Reached skill level 5 in Fighting
  4248 | D:5      | Reached skill level 9 in Polearms
  4248 | D:5      | Reached XP level 8. HP: 62/62 MP: 8/8
  4507 | D:5      | Noticed Prince Ribbit
  4519 | D:5      | Killed Prince Ribbit
  4520 | D:5      | Reached skill level 5 in Throwing
  5035 | D:6      | HP: 3/64 [scorpion (4)]
  5036 | D:6      | HP: 1/64 [poisoned by a water moccasin]
  5036 | D:6      | Slain by a scorpion

Illustrated notes

Levels and vault maps discovered:
D:1:      lightli_arrival_lavapool, layout_basic
D:2:      layout_loops_ring, uniq_natasha
D:3:      gammafunk_steamed_eel, layout_loops_cross,
          ashenzari_conservatory_becter, mainiacjoe_overflow_brackets,
          xom_teletrap_fun, serial_bayou_crossing
D:4:      layout_basic, nicolae_wu_jian_wuxing_cycle
D:5:      layout_basic, uniq_prince_ribbit1
D:6:      layout_basic, marbit_many_paths, serial_shops, nicolae_square_shop

Skill      XL: |  1  2  3  4  5  6  7  8 |
---------------+-------------------------+-----
Polearms       | 5 6 7 9 |  9.9
Fighting       | 3 4 5 |  5.7
Dodging        | 5 6 7 |  7.6
Throwing       | 3 4 5 |  5.2

Action                     |  1- 3 |  4- 6 |  7- 9 || total
---------------------------+-------+-------+-------++-------
  Melee: Trident           |    74 |   155 |    80 ||   309
         Punch             |       |     2 |     2 ||     4
         Headbutt          |       |     7 |    14 ||    21
         Unarmed           |       |     6 |       ||     6
    Use: Scroll            |     1 |    10 |     1 ||    12
         Potion            |       |     4 |    11 ||    15
   Stab: Sleeping          |     3 |     1 |       ||     4
 Armour: Leather armour    |    18 |    56 |    19 ||    93
  Dodge: Dodged            |    47 |   136 |    88 ||   271

Table legend: (Time is in decaauts)
 A = Elapsed time spent in this place.
 B = Non-inter-level travel time spent in this place.
 C = Inter-level travel time spent in this place.
 D = Time resting spent in this place.
 E = Time spent auto-exploring this place.
 F = Levels seen in this place.
 G = Mean time per level.
                   A        B        C        D        E       F      G
               +--------+--------+--------+--------+--------+-----+--------+
         Total |   5091 |   4933 |    158 |    967 |   3056 |   6 |  848.5 |
       Dungeon |   5091 |   4933 |    158 |    967 |   3056 |   6 |  848.5 |
               +--------+--------+--------+--------+--------+-----+--------+

Top non-repeatable levels by time:
     D:4: 1422 daAuts
     D:5: 1193 daAuts
     D:3: 897 daAuts
     D:2: 810 daAuts
     D:1: 753 daAuts
     D:6: 14 daAuts
